 Dungeon Crawl Stone Soup version 0.31-a0-532-g28f74ba3e5 (webtiles) character file.

Game seed: 3761103292040740227

4652 Sweetruy1997 the Basher (level 10, -4/56 HPs)
             Began as a Gargoyle Berserker on Apr 19, 2023.
             Was an Elder of Trog.
             Killed by divine providence
             ... invoked by an orc priest
              (8 damage)
             ... on level 8 of the Dungeon on Aug 12, 2023.
             The game lasted 00:24:19 (8416 turns).

Sweetruy1997 the Basher (Gargoyle Berserker)        Turns: 8416, Time: 00:24:19

Health: -4/56      AC: 30    Str: 28    XL:     10   Next: 43%
Magic:  10/10      EV: 11    Int: 10    God:    Trog [****..]
Gold:   250        SH:  8    Dex: 13    Spells: 9/9 levels left

rFire   . . .        h - +2 mace (protect)
rCold   . . .        d - +0 kite shield
rNeg    + . .        H - +2 ring mail {rPois}
rPois   ∞            D - +2 helmet {Int+3}
rElec   +            y - +2 cloak
rCorr   .            G - +1 pair of gloves
SInv    .            (no boots)
Will    .....        (no amulet)
Stlth   +            c - ring of flight
HPRegen 0.29/turn    r - +6 ring of strength
MPRegen 0.12/turn

%: no passive effects
@: under a protective aura, flying
A: sickness immunity, AC +7, negative energy resistance 1, electricity
resistance, torment resistance 1, petrification resistance
a: Renounce Religion, Berserk, Trog's Hand, Brothers in Arms


You were on level 8 of the Dungeon.
You worshipped Trog.
Trog was greatly pleased with you.
You visited 2 branches of the dungeon, and saw 10 of its levels.

You collected 514 gold pieces.
You spent 264 gold pieces at shops.

Inventory:

Hand Weapons
 h - a +2 mace of protection (weapon)
Missiles
 t - 2 silver javelins
 v - 2 boomerangs (quivered)
Armour
 d - a +0 kite shield (worn)
 y - a +2 cloak (worn)
 D - a +2 helmet of intelligence (worn)
 G - a +1 pair of gloves (worn)
 H - a +2 ring mail of poison resistance (worn)
Jewellery
 c - a ring of flight (left hand)
 n - a ring of protection from cold
 r - a +6 ring of strength (right hand)
 J - a ring of protection from fire
 M - a +6 ring of intelligence
Wands
 b - a wand of flame (33)
 f - a wand of acid (7)
 i - a wand of roots (14)
 m - a wand of paralysis (3)
 s - a wand of digging (13)
Scrolls
 g - a scroll of fog {unknown}
 j - a scroll of fear {unknown}
 l - a scroll of poison
 o - a scroll of vulnerability {unknown}
 q - 3 scrolls of revelation
 x - a scroll of silence {unknown}
 F - 2 scrolls of enchant armour {unknown}
 I - a scroll of blinking {unknown}
 L - a scroll of acquirement {unknown}
Potions
 a - 2 potions of brilliance {unknown}
 e - 8 potions of curing
 k - 3 potions of heal wounds {unknown}
 p - 3 potions of might
 u - 2 potions of attraction {unknown}
 w - a potion of mutation {unknown}
 z - a potion of cancellation {unknown}
 A - 2 potions of haste
 B - 2 potions of enlightenment {unknown}
 C - a potion of resistance {unknown}
 E - 2 potions of degeneration {unknown}
 K - a potion of invisibility {unknown}


   Skills:
 + Level 4.0 Fighting
 + Level 11.4 Maces & Flails
 + Level 7.3 Throwing
 + Level 4.3 Armour
 + Level 3.0 Dodging
 + Level 1.0 Stealth
 + Level 3.0 Shields
 + Level 0.5 Evocations


You had 9 spell levels left.
You didn't know any spells.
Your spell library was empty.

Dungeon Overview and Level Annotations

Branches:
Dungeon (9/15)             Temple (1/1) D:5            Lair (0/5) D:8
    Orc: D:9-12

Altars:
Ashenzari
Cheibriados
Dithmenos
Elyvilon
Gozag
Hepliaklqana
Kikubaaqudgha
Nemelex Xobeh
Okawaru
Qazlal
Ru
Sif Muna
Uskayaw
Vehumet
Wu Jian
Yredelemnul
Zin
The Shining One

Shops:
D:3 :   D:5 ?   D:6 *   D:7 *


Innate Abilities, Weirdness & Mutations

You are immune to sickness and miasma.
Your stone body is resilient. (AC +7)
You are immune to poison.
You resist negative energy. (rN+)
You are resistant to electric shocks. (rElec)
You are resistant to unholy torment.
You are immune to petrification.


Message History

The magic dart hits you but does no damage.
You sock something! Trog accepts your kill.
Trog appreciates your killing of a magic user.
Reactivating autopickup.
You feel a bit more experienced.
The orc wizard hits you but does no damage.
You block the orc priest's attack. You block the kobold's attack.
There is an open door, spattered with blood here.
Items here: ( ))))) [[ †††.
The orc priest attacks as you move away!
You block the orc priest's attack.
The orc priest invokes the aid of Beogh against you.
Beogh smites you!
* * * LOW HITPOINT WARNING * * *
The orc priest looks satisfied for a moment.
There is a stone staircase leading up here.
You are too injured to fight recklessly!
The orc wizard gestures wildly while chanting.
The orc wizard flickers and vanishes!
Deactivating autopickup; reactivate with Ctrl-A.
There is a stone staircase leading up here.
You hit the orc priest.
Your weapon exudes an aura of protection.
The orc priest is lightly wounded.
You block the orc priest's attack.
You hit the orc priest.
The orc priest is heavily wounded.
The orc priest mumbles some strange prayers to Beogh against you.
Beogh smites you!
* * * LOW HITPOINT WARNING * * *
The orc priest closely misses you.
You fly upwards.
Reactivating autopickup.
There is a stone staircase leading down here.
You barely miss the orc priest.
The orc priest is heavily wounded.
The orc priest invokes the aid of Beogh against you.
Beogh smites you!
You die...

##........##.##................#.
##........##..#........##.###.##.
?.........###..######..##.# #..#.
####...##.# ##..# ##.###.####.#.
# ######.# ##.# #..# #....<... #
#.# #.# ##.## #########
#########.#####'###..# #######~.
#...................## ##P#P.##~~
#...............@#### ##PPP.#.##≈
#..............o.# #.P#.P#P###
#................# ###.#....#.#
#................# #.##..#.....
#.........PP.....# ##.#...#...#
####.P...........# ##........P#
#....P.PP......# #~~~~~~~~~~.
##..P...PP.P....# #~~~~~~~~~~~
##...P.P.P.....P.# #..~≈~.≈≈≈.~


You could see an orc priest.

Vanquished Creatures
  Erica (D:8)
  Maurice (D:8)
  The ghost of BirdDuck the Chopper, an amateur MiFi of Ashenzari (D:4)
  Eustachio (D:6)
  A wyvern (D:8)
  Menkaure (D:5)
  A steam dragon (D:7)
  Edmund (D:4)
  Duvessa (D:4)
  2 orc warriors
  6 black bears
  An ogre (D:7)
  2 ice beasts
  A phantom (D:7)
  2 centaurs
  A kobold brigand (D:9)
  Blork the orc (D:5)
  2 bullfrogs
  2 gnoll sergeants
  A scorpion (D:4)
  Dowan (D:4)
  7 electric eels (D:8)
  4 orc priests
  4 jellies
  Crazy Yiuf (D:2)
  2 sleepcaps (D:6)
  3 iguanas
  4 orc wizards
  10 gnolls
  5 adders
  A shadow imp (D:6)
  An ufetubus (D:5)
  5 dart slugs
  4 worms
  23 orcs
  11 ball pythons
  7 endoplasms
  3 giant cockroaches
  6 goblins
  5 hobgoblins
  3 jackals (D:2)
  3 quokkas
  2 bats
  2 frilled lizards
  7 kobolds
  4 rats
158 creatures vanquished.

Vanquished Creatures (others)
  An ufetubus (D:7)
1 creature vanquished.

Grand Total: 159 creatures vanquished

Notes
Turn   | Place    | Note
-------+----------+-------------------------------------------
     0 | D:1      | Sweetruy1997 the Gargoyle Berserker began the quest for the
                  | Orb.
     0 | D:1      | Reached XP level 1. HP: 14/14 MP: 1/1
   132 | D:1      | Reached XP level 2. HP: 12/19 MP: 2/2
   740 | D:2      | Identified the +1 robe of the Tundras {rC+}
   873 | D:2      | Reached XP level 3. HP: 24/24 MP: 3/3
  1041 | D:2      | Found a runed translucent door.
  1042 | D:2      | Noticed Crazy Yiuf
  1459 | D:2      | Killed Crazy Yiuf
  1460 | D:2      | Reached skill level 4 in Maces & Flails
  1460 | D:2      | Reached XP level 4. HP: 22/29 MP: 4/4
  1593 | D:3      | Reached ** piety under Trog
  1607 | D:3      | You fall into a shaft and drop 3 floors!
  1627 | D:5      | Entered Level 5 of the Dungeon
  1788 | D:4      | Noticed a centaur
  1793 | D:4      | Noticed BirdDuck's ghost (amateur MiFi)
  1820 | D:4      | Found a runed translucent gate.
  1820 | D:4      | Found a runed translucent gate.
  1820 | D:4      | Found a runed translucent gate.
  1837 | D:3      | Found a sacrificial altar of Ru.
  1956 | D:4      | Noticed a scorpion
  1969 | D:4      | Killed a scorpion
  1970 | D:4      | Reached skill level 1 in Stealth
  1970 | D:4      | Reached skill level 1 in Shields
  1970 | D:4      | Reached XP level 5. HP: 31/33 MP: 5/5
  2023 | D:4      | Noticed a black bear
  2035 | D:4      | Killed a black bear
  2036 | D:4      | Reached skill level 5 in Maces & Flails
  2036 | D:4      | Reached XP level 6. HP: 28/38 MP: 6/6
  2341 | D:4      | Noticed Dowan
  2344 | D:4      | Noticed Duvessa
  2357 | D:4      | Killed Duvessa
  2358 | D:4      | Killed Dowan
  2410 | D:4      | Found a radiant altar of Vehumet.
  2417 | D:4      | Found a broken altar of Ashenzari.
  2421 | D:4      | Found a hide-covered altar of Uskayaw.
  2445 | D:4      | Reached skill level 6 in Maces & Flails
  2482 | D:4      | Noticed Edmund
  2497 | D:4      | Killed Edmund
  2498 | D:4      | Reached XP level 7. HP: 12/43 MP: 7/7
  2906 | D:3      | Found Cushromp's Book Shoppe.
  3049 | D:3      | Upgraded the game from 0.30-a0-1112-gfb780f5df6 to
                  | 0.31-a0-532-g28f74ba3e5
  3712 | D:4      | Killed BirdDuck's ghost
  3713 | D:4      | Reached skill level 7 in Maces & Flails
  3713 | D:4      | Reached XP level 8. HP: 48/48 MP: 8/8
  3717 | D:4      | Reached skill level 8 in Maces & Flails
  3717 | D:4      | Reached skill level 1 in Throwing
  3835 | D:5      | Found an ornate altar of the Wu Jian Council.
  3839 | D:5      | Noticed Blork the orc
  3845 | D:5      | Killed Blork the orc
  4003 | D:5      | Noticed Menkaure
  4010 | D:5      | Killed Menkaure
  4053 | D:5      | Reached skill level 9 in Maces & Flails
  4127 | D:5      | Found a staircase to the Ecumenical Temple.
  4153 | Temple   | Entered the Ecumenical Temple
  4368 | D:5      | Found Asagg's Magic Scroll Shop.
  4372 | D:5      | Bought a scroll of revelation for 97 gold pieces
  4372 | D:5      | Bought a scroll of identify for 26 gold pieces
  4372 | D:5      | Bought a scroll of identify for 26 gold pieces
  4713 | D:6      | Reached *** piety under Trog
  4725 | D:6      | Found Fucheoschusokk's General Store.
  4734 | D:6      | Bought a scroll of teleportation for 33 gold pieces
  4734 | D:6      | Bought a scroll of revelation for 82 gold pieces
  4755 | D:6      | Noticed Eustachio
  4778 | D:6      | Killed Eustachio
  4834 | D:6      | Reached XP level 9. HP: 52/52 MP: 9/9
  5986 | D:7      | Found Untitiez's Mail-Order Catalogue.
  6006 | D:7      | Reached skill level 10 in Maces & Flails
  7392 | D:8      | Noticed Erica
  7413 | D:8      | Killed Erica
  7414 | D:8      | Reached skill level 5 in Throwing
  7602 | D:8      | Reached skill level 11 in Maces & Flails
  7602 | D:8      | Reached XP level 10. HP: 49/56 MP: 10/10
  7639 | D:8      | Found a staircase to the Lair.
  7810 | D:8      | Noticed Maurice
  7827 | D:8      | Killed Maurice
  7827 | D:8      | Reached **** piety under Trog
  8363 | D:9      | Identified the +0 leather armour of the Wasteland {Will+
                  | Str+2}
  8416 | D:8      | Killed from afar by an orc priest

Illustrated notes

Levels and vault maps discovered:
D:1:      dpeg_arrival_radiant, layout_loops_ring
D:2:      layout_basic, uniq_crazy_yiuf_cottage
D:3:      layout_loops_ring, nicolae_overflow_hidden_temple, serial_shops,
          nicolae_shop_stone
D:4:      layout_loops_corners, minmay_overflow_temple_star_quad,
          gammafunk_ghost_split, dreamdust_princess_corridor, uniq_edmund,
          uniq_duvessa
D:5:      layout_basic, mainiacjoe_overflow_tiny_flanked, temple_green,
          serial_shops, nicolae_shop_rolled_up, uniq_blork_the_orc,
          uniq_menkaure
D:6:      layout_layer_cave, serial_shops, shop, uniq_eustachio
D:7:      layout_loops_corners, minivault_10, monkooky_shop_mail_order
D:8:      wad_lake_hut, layout_basic, grunt_lair_entry_orc_guard_hut,
          uniq_erica, uniq_maurice
D:9:      layout_basic, mainiacjoe_overflow_24_doors, trog_book, david_orc_3
Temple:   cyrus_circular_temple

Skill      XL: |  1  2  3  4  5  6  7  8  9 10 |
---------------+-------------------------------+-----
Maces & Flails | 4 5 6 7 9 11 | 11.4
Dodging        | 2 3 |  3.0
Fighting       | 4 |  4.0
Stealth        | 1 |  1.0
Shields        | 1 2 3 |  3.0
Throwing       | 2 6 7 |  7.3
Armour         | 4 |  4.3
Evocations     | |  0.5

Action                     |  1- 3 |  4- 6 |  7- 9 | 10-12 || total
---------------------------+-------+-------+-------+-------++-------
  Melee: Mace              |    62 |    81 |   285 |   115 ||   543
  Throw: Javelin           |       |       |    14 |       ||    14
         Boomerang         |       |       |   100 |    38 ||   138
 Invoke: Berserk           |     1 |     2 |     4 |     1 ||     8
         Trog's Hand       |       |       |     1 |       ||     1
  Evoke: Wand              |       |       |     3 |     2 ||     5
    Use: Scroll            |       |       |     6 |       ||     6
   Stab: Sleeping          |       |     2 |       |       ||     2
         Distracted        |       |       |     1 |       ||     1
 Armour: Animal skin       |    14 |       |       |       ||    14
         Robe              |    11 |    39 |   139 |       ||   189
         Ring mail         |       |       |    50 |    75 ||   125
  Dodge: Dodged            |    34 |    23 |   156 |    40 ||   253
  Block: Kite shield       |    23 |    26 |   153 |    50 ||   252

Table legend: (Time is in decaauts)
 A = Elapsed time spent in this place.
 B = Non-inter-level travel time spent in this place.
 C = Inter-level travel time spent in this place.
 D = Time resting spent in this place.
 E = Time spent auto-exploring this place.
 F = Levels seen in this place.
 G = Mean time per level.
                   A        B        C        D        E       F      G
               +--------+--------+--------+--------+--------+-----+--------+
         Total |   8594 |   8205 |    389 |    347 |   6375 |  10 |  859.4 |
       Dungeon |   8592 |   8204 |    388 |    347 |   6375 |   9 |  954.7 |
        Temple |      1 |      0 |      1 |      0 |      0 |   1 |    1.0 |
               +--------+--------+--------+--------+--------+-----+--------+

Top non-repeatable levels by time:
     D:6: 1618 daAuts
     D:4: 1272 daAuts
     D:7: 1126 daAuts
     D:8: 1123 daAuts
     D:3: 957 daAuts
     D:2: 919 daAuts
     D:5: 827 daAuts
     D:1: 662 daAuts
     D:9: 87 daAuts
  Temple: 1 daAuts
